 Dungeon Crawl Stone Soup version 0.17.1-3-g152610e (webtiles) character file.

326 Urist the Archer (level 6, -6/39 HPs)
             Began as a High Elf Hunter on Apr 7, 2016.
             Was an Initiate of Ru.
             Killed by divine providence
             ... invoked by an orc priest
              (10 damage)
             ... on level 4 of the Dungeon.
             The game lasted 00:08:40 (2146 turns).

Urist the Archer (High Elf Hunter)                  Turns: 2146, Time: 00:08:40

Health: -6/39      AC:  5    Str: 12    XL:     6   Next: 24%
Magic:  16/16      EV: 19    Int: 19    God:    Ru [......]
Gold:   128        SH:  0    Dex: 23    Spells: 0 memorised, 5 levels left

rFire  . . .     SeeInvis .     a - +1 shortbow
rCold  + . .     Clarity  .     s - +1 leather armour {rC+}
rNeg   . . .     SustAt   .     (shield currently unavailable)
rPois  .         Gourm    .     (no helmet)
rElec  .         Spirit   .     (no cloak)
rCorr  .         Warding  .     (no gloves)
rMut   .         Stasis   .     t - +0 pair of boots
MR     .....                    (no amulet)
Stlth  ..........               (no ring)
                                g - ring of magical power

@: brilliant, agile, very slightly contaminated, hasted, very quick, not
resistant to hostile enchantments, extremely unstealthy
A: no stealth
a: Renounce Religion


You were on level 4 of the Dungeon.
You worshipped Ru.
Ru was noncommittal.
You were not hungry.

You visited 1 branch of the dungeon, and saw 4 of its levels.

You collected 128 gold pieces.

Inventory:

Hand Weapons
 a - a +1 shortbow (weapon)
 b - a +0 short sword
Missiles
 d - 3 arrows (quivered)
Armour
 c - a +0 leather armour
 s - a +1 leather armour of cold resistance (worn)
 t - a +0 pair of boots (worn)
Jewellery
 g - a ring of magical power (left hand)
 k - an uncursed ring of sustain attributes {unknown}
 r - an uncursed ring of protection from magic {unknown}
Scrolls
 f - 2 scrolls of remove curse
 m - 2 scrolls of magic mapping
Potions
 i - 2 potions of agility
 o - a potion of brilliance
 p - a potion of cancellation
Comestibles
 e - 4 bread rations
 l - a meat ration
 n - a beef jerky
 q - 3 fruits


   Skills:
 + Level 2.2 Fighting
 + Level 9.1 Bows
 + Level 1.5 Armour
 + Level 2.9 Dodging


You had 5 spell levels left.
You didn't know any spells.

Dungeon Overview and Level Annotations

Branches:
Dungeon (4/15)
 Temple: D:4-7

Altars:
Ashenzari
Cheibriados
Fedhas
Gozag
Nemelex Xobeh
Okawaru
Ru
Sif Muna
Trog
Vehumet
Xom
Zin


Innate Abilities, Weirdness & Mutations

You cannot be stealthy.


Message History

The orc barely misses you. The orc priest barely misses you.
The orc barely misses you.
Drink which item? (? for menu, Esc to quit)
You feel yourself speed up. The orc closely misses you.
The orc priest barely misses you.
You are very lightly contaminated with residual magic.
You see here an arrow.
Found a stone staircase leading down.
There is a stone staircase leading down here.
Found 5 gold pieces and a ring mail.
Items here: % ( ) † an arrow; a dagger; a bread ration; an orc corpse
Okay, then.
d - 3 arrows (gained 1)
The orc priest mumbles some strange prayers to Beogh against you.
Something smites you!
* * * LOW HITPOINT WARNING * * *
The orc priest invokes the aid of Beogh against you.
Something smites you!
You die...

##.##............##. ..
...##..>.........##.# ##.##
#.####...........##..##.[.#
#.#######..###............#
#..........###..### ..#...#
######......†.((..###.....#
# ##.##...##(##...#.....# #
###..##.#.....(.#......###
###...#...###...@.....#..$.#
.##.##..####.....).####.####
...(...## #..#..((# #..#
.......# #..##.).###>.####
.......# ...# ###.o.......#
.......# ... ##........#
.......# ... #........#
.......# ####..#### .......#
####


You could see an orc priest.

Vanquished Creatures
  2 phantoms (D:4)
  An iguana (D:3)
  A worker ant (D:4)
  4 adders
  4 giant geckos
  6 orcs
  7 hobgoblins
  6 jackals
  A quokka (D:2)
  4 bats
  3 giant cockroaches
  2 giant newts (D:1)
  12 goblins
  6 kobolds
  6 rats
65 creatures vanquished.

Notes
Turn   | Place    | Note
--------------------------------------------------------------
     0 | D:1      | Urist the High Elf Hunter began the quest for the Orb.
     0 | D:1      | Reached XP level 1. HP: 14/14 MP: 2/2
    54 | D:1      | Reached XP level 2. HP: 10/19 MP: 3/3
   170 | D:1      | Reached skill level 6 in Bows
   511 | D:2      | Found a sacrificial altar of Ru.
   511 | D:2      | Found a deep blue altar of Sif Muna.
   512 | D:2      | Found an iron altar of Okawaru.
   512 | D:2      | Found a blossoming altar of Fedhas.
   514 | D:2      | Found a radiant altar of Vehumet.
   514 | D:2      | Found a shimmering altar of Xom.
   515 | D:2      | Found a snail-covered altar of Cheibriados.
   518 | D:2      | Became a worshipper of Ru the Awakened
   533 | D:2      | Reached XP level 3. HP: 24/24 MP: 4/4
   982 | D:3      | Reached skill level 7 in Bows
   984 | D:3      | Reached XP level 4. HP: 29/29 MP: 5/5
  1529 | D:3      | Found a bloodstained altar of Trog.
  1529 | D:3      | Found a sparkling altar of Nemelex Xobeh.
  1614 | D:3      | Gained mutation: You cannot be stealthy. [Ru sacrifice]
  1753 | D:3      | Found an opulent altar of Gozag.
  1753 | D:3      | Found a glowing silver altar of Zin.
  1851 | D:4      | Found a shattered altar of Ashenzari.
  1859 | D:4      | Reached skill level 1 in Armour
  1859 | D:4      | Reached XP level 5. HP: 34/34 MP: 6/6
  1862 | D:4      | Noticed a phantom
  1889 | D:4      | Noticed a phantom
  1917 | D:4      | Killed a phantom
  1917 | D:4      | Reached skill level 8 in Bows
  1938 | D:4      | Killed a phantom
  1938 | D:4      | Reached XP level 6. HP: 24/39 MP: 7/7
  1972 | D:4      | Reached skill level 9 in Bows
  2146 | D:4      | Killed from afar by an orc priest

Action                   |  1- 3 |  4- 6 || total
-------------------------+-------+-------++-------
 Fire: Shortbow          |   100 |   115 ||   215
Invok: Sacrifice Stealth |       |     1 ||     1
  Use: Scroll            |     3 |     4 ||     7
       Potion            |       |     5 ||     5
  Eat: Fruit             |       |     1 ||     1
       Chunk             |       |     1 ||     1
       Meat ration       |       |     1 ||     1
